[Event "Late Titled Tuesday Blitz February 8 2022"]
[White "Kubatko, Ivan"]
[Black "Sydoryka, Vladyslav"]
[WhiteFideId "24111473"]
[BlackFideId "14145928"]
[WhiteElo "2285"]
[BlackElo "2265"]
[Result "1-0"]
[Round "01"]
[TimeControl "180+1"]
[Date "2022.02.09"]
[WhiteClock "0:00:03"]
[BlackClock "0:00:01"]

1. e4 d5 2. exd5 Qxd5 3. Nc3 Qd6 4. g3 Nf6 5. Bg2 c5 6. Nf3 Nc6 7. O-O Bf5 8. d3 e6 9. Bf4 Qd8 10. Re1 Bd6 11. Qd2 O-O 12. h3 Bg6 13. Nh4 Rc8 14. Nxg6 hxg6 15. a3 b6 16. Bxd6 Qxd6 17. Ne4 Nxe4 18. Bxe4 Rfd8 19. Rad1 Nd4 20. c3 Nf5 21. Qe2 Rc7 22. Rd2 Rcd7 23. Red1 Qc7 24. Bg2 Ne7 25. Qe4 Nf5 26. Kf1 a6 27. Kg1 b5 28. Kf1 Qa5 29. b4 Qxa3 30. bxc5 Qxc5 31. Ra2 Qxc3 32. Rxa6 Rxd3 33. Rxd3 Rxd3 34. Ra8+ Kh7 35. Kg1 Rd4 36. Qe2 b4 37. Kh2 b3 38. Rb8 Rb4 39. Rxb4 Qxb4 40. g4 Nh4 41. Be4 b2 42. Kg3 b1=Q 43. Bxb1 Qxb1 44. Kxh4 Qb8 45. Qf3 Kh6 46. g5+ Kh7 47. Qxf7 Qh2 48. Qxe6 Qf4+ 49. Qg4 Qxf2+ 50. Qg3 Qd4+ 51. Qg4 Qe5 52. Qg3 Qe6 53. Qg4 Qe7 54. Qf4 Qd8 55. Kg4 Qc8+ 56. Kg3 Kg8 57. h4 Qc3+ 58. Qf3 Qe5+ 59. Qf4 Qb2 60. Kg4 Qg2+ 61. Qg3 Qe4+ 62. Qf4 Qe6+ 63. Kg3 Qe1+ 64. Qf2 Qh1 65. Qg2 Qa1 66. Qd5+ Kh7 67. Qe4 Qg1+ 68. Qg2 Qd4 69. Qf3 Kg8 70. Qf4 Qd5 71. Qb8+ Kf7 72. Qf4+ Ke7 73. Qg4 Qe5+ 74. Kf3 Qc3+ 75. Kf4 Qd4+ 76. Kf3 Qd3+ 77. Kg2 Kd6 78. Qf4+ Ke6 79. Qg4+ Qf5 80. Kg3 Ke5 81. Qe2+ Qe4 82. Qb5+ Qd5 83. Qe8+ Qe6 84. Qb8+ Kf5 85. Qf4# 1-0


[Site "https://www.chess.com"]

[Event "Late Titled Tuesday Blitz February 8 2022"]
[White "Kukula, Pawel"]
[Black "Pakleza, Zbigniew"]
[WhiteFideId "1115081"]
[BlackFideId "1119290"]
[WhiteElo "2203"]
[BlackElo "2467"]
[Result "0-1"]
[Round "01"]
[TimeControl "180+1"]
[Date "2022.02.09"]
[WhiteClock "0:00:06"]
[BlackClock "0:00:03"]

1. d4 d6 2. c4 e5 3. Nc3 exd4 4. Qxd4 Nc6 5. Qd2 Nf6 6. Nf3 Be7 7. b3 a5 8. a3 Be6 9. Bb2 a4 10. Nxa4 Bxc4 11. bxc4 Rxa4 12. e3 O-O 13. Be2 Ne4 14. Qc2 Nc5 15. O-O Bf6 16. Nd4 Ra6 17. Rfd1 Ne5 18. f4 Ned7 19. Bf3 Re8 20. e4 Qc8 21. Rab1 Nb6 22. h3 Ra4 23. e5 dxe5 24. fxe5 Bxe5 25. Bg4 Qb8 26. Qf5 Nxc4 27. Bc3 Ne3 28. Qh5 Nxd1 29. Rxd1 g6 30. Qh6 Ne4 31. Bb2 Qa7 32. Qe3 Bg7 33. Kh1 f5 34. Bf3 Kh8 35. Bxe4 Rxe4 36. Qb3 Bxd4 37. Qf7 Qb8 38. Bxd4+ Raxd4 39. Rxd4 Re1+ 40. Kh2 c5+ 41. g3 cxd4 42. Qf6+ Kg8 43. Qe6+ Rxe6 0-1


[Site "https://www.chess.com"]

[Event "Late Titled Tuesday Blitz February 8 2022"]
[White "Lenderman, Aleksandr"]
[Black "Glavina, Pablo"]
[WhiteFideId "2021285"]
[BlackFideId "100234"]
[WhiteElo "2651"]
[BlackElo "2369"]
[Result "0-1"]
[Round "01"]
[TimeControl "180+1"]
[Date "2022.02.09"]
[WhiteClock "0:00:03"]
[BlackClock "0:00:13"]

1. b3 e5 2. Bb2 d6 3. e3 Nf6 4. d4 Qe7 5. Nc3 g6 6. Nf3 Bg7 7. dxe5 dxe5 8. Nb5 O-O 9. Bxe5 Rd8 10. Qc1 Bg4 11. Qa3 Qd7 12. Be2 Bxf3 13. gxf3 Nc6 14. Rd1 Qh3 15. Rxd8+ Rxd8 16. Bxc7 Rd7 17. Bg3 Nh5 18. Qc5 a6 19. Nc3 Nxg3 20. fxg3 Qg2 21. Rf1 Qxh2 22. Ne4 f5 23. Rf2 Qh1+ 24. Rf1 Qh2 25. Qc4+ Kh8 26. Qe6 Rd8 27. Nf6 Qxg3+ 28. Rf2 Qh4 29. Nd5 Nb4 30. c4 Nxd5 31. cxd5 Bc3+ 32. Kd1 Qxf2 33. Kc2 Bg7 34. Kd3 Qe1 35. e4 Qb1+ 36. Ke3 Bh6+ 37. Kf2 Bg7 38. e5 Qb2 39. f4 Qd4+ 40. Kg3 Qe3+ 41. Bf3 g5 42. Qxf5 gxf4+ 43. Kg4 Rg8 44. Be4 Bxe5+ 45. Kh5 Qe2+ 46. Kh6 Qh2+ 47. Qh5 Qxh5+ 48. Kxh5 Rg3 0-1


[Site "https://www.chess.com"]

[Event "Late Titled Tuesday Blitz February 8 2022"]
[White "Li, Ben"]
[Black "Jaskolka, Tomasz"]
[WhiteFideId "2089980"]
[BlackFideId "1170791"]
[WhiteElo "2267"]
[BlackElo "2054"]
[Result "1-0"]
[Round "01"]
[TimeControl "180+1"]
[Date "2022.02.09"]
[WhiteClock "0:00:41"]
[BlackClock "0:00:01"]

1. d4 e6 2. c4 f5 3. g3 Nf6 4. Bg2 Be7 5. Nh3 d6 6. O-O O-O 7. b3 e5 8. Bb2 Nc6 9. Bxc6 bxc6 10. dxe5 Ng4 11. exd6 cxd6 12. Nf4 Bf6 13. Bxf6 Qxf6 14. Nd2 g5 15. Ng2 Qh6 16. Nf3 Bb7 17. c5 Rad8 18. Qc1 f4 19. Rd1 fxg3 20. Qc4+ d5 21. Qxg4 Rxf3 22. hxg3 Rf6 23. Rd3 Bc8 24. Qd4 Rdf8 25. Rf3 Rxf3 26. exf3 Rxf3 27. Re1 Rf8 28. Re7 Qf6 29. Qxf6 Rxf6 30. Ne3 h6 31. Rxa7 Be6 32. Nc2 Bf7 33. Nd4 h5 34. a4 h4 35. a5 Bg6 36. a6 Be4 37. Rc7 Rf8 38. a7 h3 39. f3 Bxf3 40. Nxf3 g4 41. Nd4 Ra8 42. Nxc6 d4 43. Nxd4 Kh8 44. b4 Re8 45. Re7 Rd8 46. b5 1-0


[Site "https://www.chess.com"]

[Event "Late Titled Tuesday Blitz February 8 2022"]
[White "Lin, Dachey"]
[Black "Derraugh, Geordie"]
[WhiteFideId "2029650"]
[BlackFideId "2603950"]
[WhiteElo "2734"]
[BlackElo "2116"]
[Result "1-0"]
[Round "01"]
[TimeControl "180+1"]
[Date "2022.02.09"]
[WhiteClock "0:01:03"]
[BlackClock "0:00:03"]

1. g4 d5 2. Bg2 Bxg4 3. c4 Nf6 4. Qb3 Nbd7 5. cxd5 Nc5 6. Qb5+ Nfd7 7. Nc3 a6 8. Qc4 Bh5 9. d4 b5 10. Qb4 Nb7 11. Qb3 Nf6 12. e4 e6 13. dxe6 Qxd4 14. Be3 Qb4 15. e5 O-O-O 16. exf6 gxf6 17. exf7 Na5 18. Qe6+ Kb8 19. Qxa6 c6 20. Qa7+ Kc8 21. Bh3+ Bg4 22. Qa8+ Kd7 23. Rd1+ Bd6 24. Qa7+ Ke6 25. Rd4 Qxb2 26. Bxg4+ f5 27. Re4+ Kf6 28. Qd4+ Kg6 29. Re6+ Kxf7 30. Qf6+ Kg8 31. Qxd8+ 1-0


[Site "https://www.chess.com"]

[Event "Late Titled Tuesday Blitz February 8 2022"]
[White "Loay, Sameer"]
[Black "Mamedyarov, Shakhriyar"]
[WhiteFideId "8104239"]
[BlackFideId "13401319"]
[WhiteElo "2040"]
[BlackElo "2769"]
[Result "0-1"]
[Round "01"]
[TimeControl "180+1"]
[Date "2022.02.08"]
[WhiteClock "0:00:10"]
[BlackClock "0:00:20"]

1. Nf3 d5 2. g3 g6 3. Bg2 Bg7 4. O-O Nf6 5. d3 O-O 6. Nbd2 Nc6 7. e4 e5 8. Re1 Re8 9. exd5 Nxd5 10. Nc4 a5 11. a4 h6 12. c3 Bf5 13. Nh4 Be6 14. Nf3 Bf5 15. Nh4 Be6 16. Nf3 f6 17. Qe2 Qd7 18. Nfd2 Rad8 19. Ne4 b6 20. Ne3 Kh7 21. Nxd5 Bxd5 22. Be3 f5 23. c4 Bf7 24. Nc3 Nb4 25. Red1 Nxd3 26. c5 bxc5 27. Bxc5 e4 28. Be3 Rb8 29. Rd2 Qe6 30. Nb5 Qe7 31. Rc2 c5 32. Qd2 Bb3 33. Rc3 Bxa4 34. Rxa4 Rxb5 35. Rc2 Reb8 36. Bf1 Qd7 37. Rxa5 Rxb2 38. Rxb2 Rxb2 39. Qd1 c4 40. Ra7 Rb7 41. Ra4 c3 42. Rc4 Ne5 43. Qxd7 Rxd7 44. Be2 Nxc4 45. Bxc4 c2 46. Be2 Rd1+ 0-1


[Site "https://www.chess.com"]

[Event "Late Titled Tuesday Blitz February 8 2022"]
[White "Lopez Del Alamo, Antonio"]
[Black "Kanakaris, Georgios"]
[WhiteFideId "2227339"]
[BlackFideId "4209460"]
[WhiteElo "2082"]
[BlackElo "2134"]
[Result "0-1"]
[Round "01"]
[TimeControl "180+1"]
[Date "2022.02.09"]
[WhiteClock "0:00:05"]
[BlackClock "0:00:27"]

1. e4 e6 2. d3 d5 3. Nd2 c5 4. Ngf3 Nc6 5. g3 Nf6 6. Bg2 Be7 7. O-O Qc7 8. Re1 b6 9. e5 Nd7 10. Qe2 Ba6 11. h4 h6 12. c3 b5 13. Nf1 b4 14. c4 Nb6 15. b3 Bb7 16. N1h2 a5 17. a4 bxa3 18. Rxa3 Nb4 19. Ng4 a4 20. bxa4 Rxa4 21. Rxa4 Nxa4 22. Bd2 Nb6 23. Rc1 dxc4 24. dxc4 O-O 25. Bc3 Rd8 26. Ne1 Bxg2 27. Nxg2 Qd7 28. Nf4 Nd3 29. Rb1 Nxf4 30. gxf4 Na4 31. Be1 Bxh4 32. Qc2 Qd3 33. Qxd3 Rxd3 34. Ne3 Nc3 35. Bxc3 Rxc3 36. Rb5 Be7 37. Rb7 Bf8 38. Rb8 h5 39. Kg2 g6 40. f5 gxf5 41. Kf3 Kg7 42. Ke2 f4 43. Nd1 Rxc4 0-1


[Site "https://www.chess.com"]

[Event "Late Titled Tuesday Blitz February 8 2022"]
[White "Lysiak-Poltorak, Magdalena"]
[Black "Bortnyk, Olexandr"]
[WhiteFideId "1117335"]
[BlackFideId "14120828"]
[WhiteElo "2506"]
[BlackElo "2723"]
[Result "0-1"]
[Round "01"]
[TimeControl "180+1"]
[Date "2022.02.08"]
[WhiteClock "0:00:07"]
[BlackClock "0:00:09"]

1. e4 Nf6 2. Nc3 d5 3. exd5 Nxd5 4. Bc4 Nb6 5. Bb3 c5 6. d3 Nc6 7. Nge2 Bg4 8. O-O e6 9. Be3 Be7 10. Qd2 O-O 11. Rae1 Rc8 12. f3 Bf5 13. Qc1 Nd4 14. Bxd4 cxd4 15. Ne4 a5 16. a4 Nd5 17. N2g3 Ne3 18. Rf2 Qb6 19. Nf1 Bb4 20. Nxe3 Bxe1 21. Qxe1 dxe3 22. Re2 Bxe4 23. fxe4 Qd4 24. Rxe3 Qxb2 25. Qxa5 Rc3 26. Re1 Rfc8 27. Rf1 h6 28. Qh5 R8c7 29. h3 R3c5 30. Qf3 Qd4+ 31. Kh1 Rg5 32. Qf2 Qxf2 33. Rxf2 Ra5 34. g3 Kf8 35. Kg2 Ke7 36. Kf3 b5 37. axb5 Rxb5 38. Ke3 Ra5 39. Kd4 Ra1 40. Ke3 Rh1 41. h4 Ra7 42. d4 Raa1 43. d5 Rhf1 44. Rd2 Rae1+ 45. Kd4 Rd1 46. Rxd1 Rxd1+ 47. Kc5 e5 48. c4 Rd3 49. Ba4 f5 50. Bc2 Rd2 51. d6+ Rxd6 52. exf5 Rd4 53. Kb5 Kd6 54. c5+ Kc7 55. c6 Rg4 56. Kc5 Rxg3 57. Kd5 Rg4 58. Kxe5 Rxh4 59. f6 gxf6+ 60. Kxf6 Kxc6 61. Kg6 Kd6 62. Bd1 Ke5 63. Bh5 Ke6 64. Kxh6 Kf6 0-1


[Site "https://www.chess.com"]

[Event "Late Titled Tuesday Blitz February 8 2022"]
[White "Marcziter, Dmitrii"]
[Black "Brodowski, Piotr"]
[WhiteFideId "13900765"]
[BlackFideId "1124480"]
[WhiteElo "2155"]
[BlackElo "2422"]
[Result "1-0"]
[Round "01"]
[TimeControl "180+1"]
[Date "2022.02.09"]
[WhiteClock "0:00:28"]
[BlackClock "0:00:12"]

1. d4 c5 2. d5 d6 3. c4 e5 4. e4 Be7 5. b3 Nf6 6. Nc3 O-O 7. Bb2 a6 8. h3 b5 9. cxb5 axb5 10. Bxb5 Ba6 11. Bxa6 Nxa6 12. Nf3 Qa5 13. O-O Rfb8 14. Qe2 Nd7 15. Nd2 Nb6 16. a4 Bg5 17. Nc4 Nxc4 18. bxc4 Rb3 19. Nb5 Nb4 20. Bc1 Be7 21. Bd2 Rb2 22. Qd1 Qb6 23. Bc3 Ra2 24. Rxa2 Nxa2 25. Bd2 h6 26. Qb3 Nb4 27. Bxb4 cxb4 28. Qxb4 Rc8 29. a5 Qa6 30. Ra1 Rc5 31. Qb3 Bd8 32. Qb4 Be7 33. g3 g6 34. Kg2 Kg7 35. h4 h5 36. Ra3 Bd8 37. Qc3 Bf6 38. Qb4 Be7 39. Ra4 Rc8 40. Qb2 Bf6 41. Qa3 Be7 42. Qb4 Rc5 43. Kh2 Bf6 44. Kg1 Be7 45. Kg2 Bd8 46. Qd2 Bf6 47. Qe3 Kh7 48. f4 Kg7 49. f5 Rc8 50. fxg6 fxg6 51. Qd3 Be7 52. Ra2 Rf8 53. Nc7 Qa7 54. Ne6+ Kg8 55. Nxf8 Bxf8 56. Qf3 Bh6 57. Rf2 Bg7 58. Qa3 Bf8 59. a6 Be7 60. Qa4 Kg7 61. Qc6 Bf8 62. Qb7+ Qxb7 63. axb7 1-0


[Site "https://www.chess.com"]

[Event "Late Titled Tuesday Blitz February 8 2022"]
[White "Mardov, Dimitar"]
[Black "Devagharan, Devina"]
[WhiteFideId "30919495"]
[BlackFideId "2061600"]
[WhiteElo "2185"]
[BlackElo "2226"]
[Result "1-0"]
[Round "01"]
[TimeControl "180+1"]
[Date "2022.02.09"]
[WhiteClock "0:00:43"]
[BlackClock "0:00:19"]

1. e4 d5 2. exd5 Qxd5 3. Nc3 Qd6 4. d4 Nf6 5. Nge2 c6 6. g3 Bf5 7. Bg2 e6 8. O-O Be7 9. Bf4 Qd8 10. Qd2 O-O 11. Rfd1 Nbd7 12. a4 a5 13. b3 Nb6 14. Qc1 Nbd5 15. Nxd5 exd5 16. Re1 h6 17. Nc3 Bd6 18. Bxd6 Qxd6 19. Re5 Bg6 20. Qd2 Rfe8 21. Rae1 Qc7 22. f4 Rad8 23. h3 c5 24. Nxd5 Rxd5 25. Rxe8+ Nxe8 26. Rxe8+ 1-0


[Site "https://www.chess.com"]

[Event "Late Titled Tuesday Blitz February 8 2022"]
[White "Martin Duque, Jesus"]
[Black "Ladan, Nicholas"]
[WhiteFideId "2208954"]
[BlackFideId "30918855"]
[WhiteElo "2243"]
[BlackElo "2274"]
[Result "1-0"]
[Round "01"]
[TimeControl "180+1"]
[Date "2022.02.09"]
[WhiteClock "0:00:19"]
[BlackClock "0:00:07"]

1. Nf3 d5 2. c4 c6 3. e3 Nf6 4. Nc3 Bf5 5. b3 e6 6. Bb2 Nbd7 7. Nh4 Bg6 8. Be2 Bd6 9. O-O a5 10. a3 Qb8 11. g3 Nc5 12. d3 e5 13. cxd5 cxd5 14. Nb5 O-O 15. Rc1 Ne6 16. Nxg6 hxg6 17. f4 exf4 18. gxf4 g5 19. Bxf6 gxf6 20. Bg4 gxf4 21. Bxe6 fxe6 22. Nxd6 Qxd6 23. Qg4+ Kf7 24. Qh5+ Ke7 25. Rxf4 Rg8+ 26. Kh1 Rg7 27. Qh6 Rf7 28. Rcf1 Raf8 29. b4 axb4 30. Rxb4 Qc6 31. e4 dxe4 32. Rc1 Rh8 33. Qf4 Qd5 34. Rc7+ Kf8 35. Rxf7+ Kxf7 36. Qc7+ Kg6 37. Qg3+ Qg5 38. Qf2 e3 39. Qe2 Qd5+ 40. Kg1 Qg5+ 41. Rg4 Rh5 42. Rxg5+ Rxg5+ 43. Kh1 Re5 44. d4 Re4 45. Qd3 Kf5 46. Qe2 Kf4 47. Kg2 Rxd4 48. Qf3+ Ke5 49. Qxe3+ Re4 50. Qc3+ Kf5 51. Qc5+ e5 52. Qb5 Rg4+ 53. Kf3 Rf4+ 54. Ke3 Rh4 55. Qd7+ Kg5 56. h3 Rd4 57. Qxb7 Rh4 58. Qg7+ Kf5 59. Qd7+ Kg5 60. Kf3 e4+ 61. Kg3 Rh5 62. Qg7+ Kf5 63. Qg4+ 1-0


[Site "https://www.chess.com"]

[Event "Late Titled Tuesday Blitz February 8 2022"]
[White "Martinez Reyes, Pedro Ramon"]
[Black "Nogerbek, Kazybek"]
[WhiteFideId "3901807"]
[BlackFideId "13710427"]
[WhiteElo "2410"]
[BlackElo "2478"]
[Result "1/2-1/2"]
[Round "01"]
[TimeControl "180+1"]
[Date "2022.02.09"]
[WhiteClock "0:00:46"]
[BlackClock "0:00:04"]

1. f4 d5 2. Nf3 Bg4 3. e3 Nd7 4. Be2 c6 5. b3 Bxf3 6. Bxf3 e5 7. O-O Bd6 8. fxe5 Nxe5 9. Bb2 Nf6 10. Nc3 Qc7 11. h3 O-O-O 12. Ne2 h5 13. Nd4 g6 14. Qe2 Ne4 15. Bxe4 dxe4 16. Rf6 Be7 17. Rf4 f5 18. Ne6 Qd6 19. Nxd8 Rxd8 20. Bc3 h4 21. Qf2 Rh8 22. Rxf5 gxf5 23. Qxf5+ Qd7 24. Qxd7+ Kxd7 25. Bxe5 Rh5 26. Bc3 b5 27. b4 c5 28. a3 Bd6 29. Rf1 Ke6 30. Rf6+ Kd7 31. Rf7+ Ke6 32. Rf6+ Kd7 33. Kf1 Rg5 34. Rf7+ Ke6 35. Rf6+ Kd7 36. Rf2 Bg3 37. Rf7+ Ke6 38. Rf6+ Kd7 39. bxc5 Rxc5 40. Rf7+ Ke6 41. Rf6+ Kd7 42. Ke2 Rc4 43. Ra6 Rc7 44. Rg6 Rc5 45. Rg4 Rf5 46. Rxe4 Rf2+ 47. Kd3 Rxg2 48. Bf6 Be1 49. Rd4+ Ke6 50. Bxh4 Rxd2+ 51. Ke4 Rxd4+ 52. Kxd4 Bxh4 53. Kc5 Bf2 54. Kxb5 Bxe3 55. c4 Kd6 56. h4 Bc5 57. h5 Be3 58. Ka6 Kc6 59. a4 Kc7 60. h6 Kd6 61. h7 Bd4 62. a5 Kc6 63. c5 Kxc5 64. Kxa7 Kb5+ 65. Kb7 Kxa5 66. h8=Q Bxh8 1/2-1/2


[Site "https://www.chess.com"]

[Event "Late Titled Tuesday Blitz February 8 2022"]
[White "Medeiros Jr, Francisco De Assis"]
[Black "Gubajdullin, Alexei"]
[WhiteFideId "2114267"]
[BlackFideId "4141202"]
[WhiteElo "1998"]
[BlackElo "2268"]
[Result "0-1"]
[Round "01"]
[TimeControl "180+1"]
[Date "2022.02.09"]
[WhiteClock "0:00:06"]
[BlackClock "0:00:55"]

1. d4 Nf6 2. Nf3 g6 3. Bg5 Bg7 4. Nbd2 d5 5. e3 O-O 6. Bd3 c5 7. c3 b6 8. O-O Ba6 9. Bxa6 Nxa6 10. Qa4 Qc8 11. Rac1 Qb7 12. Ne5 Rac8 13. Bxf6 exf6 14. Nef3 Rfe8 15. Rfe1 f5 16. g3 Nb8 17. b4 Nd7 18. bxc5 bxc5 19. Rb1 Qc7 20. Rb2 Nb6 21. Qa6 Qd7 22. Reb1 f4 23. gxf4 Nc4 24. Rb7 Qg4+ 25. Kf1 Rxe3 26. Nxc4 Rxf3 27. Ne3 Qh3+ 28. Ke2 Re8 29. Qd3 c4 30. Qd2 Rxf4 31. Rg1 Qf3+ 32. Ke1 Rfe4 33. Rg3 Qh1+ 34. Ke2 Bh6 35. Rf3 f5 36. Rb2 f4 37. Rb7 fxe3 38. Rxe3 Rxe3+ 39. Qxe3 Rxe3+ 40. fxe3 Qxh2+ 0-1


[Site "https://www.chess.com"]

[Event "Late Titled Tuesday Blitz February 8 2022"]
[White "Meduri, Aakaash"]
[Black "Garcia Martin, Marta"]
[WhiteFideId "2032252"]
[BlackFideId "32084030"]
[WhiteElo "2047"]
[BlackElo "2102"]
[Result "1-0"]
[Round "01"]
[TimeControl "180+1"]
[Date "2022.02.09"]
[WhiteClock "0:00:31"]
[BlackClock "0:00:04"]

1. d4 b6 2. a4 a6 3. a5 b5 4. e4 Bb7 5. d5 e6 6. Nc3 Nf6 7. Bg5 h6 8. Bxf6 Qxf6 9. Nf3 Bb4 10. e5 Qe7 11. Qd4 Bxd5 12. Be2 Nc6 13. Qg4 O-O 14. O-O-O Bxc3 15. bxc3 Qa3+ 16. Kd2 Rad8 17. Bd3 d6 18. Rde1 Qxa5 19. h4 b4 20. exd6 bxc3+ 21. Ke2 Bxf3+ 22. gxf3 Ne5 23. Qh5 Rxd6 24. Rhg1 Qd5 25. Rd1 Nxd3 26. Qxh6 Qe5+ 27. Kf1 Nf4 28. Re1 Qd4 29. Rg4 e5 30. Qxg7# 1-0


[Site "https://www.chess.com"]

[Event "Late Titled Tuesday Blitz February 8 2022"]
[White "Mikhalsky, Vladimir"]
[Black "Gomez Ledo, Roberto Carlos"]
[WhiteFideId "14144352"]
[BlackFideId "3507076"]
[WhiteElo "2248"]
[BlackElo "2379"]
[Result "0-1"]
[Round "01"]
[TimeControl "180+1"]
[Date "2022.02.09"]
[WhiteClock "0:00:03"]
[BlackClock "0:00:08"]

1. c4 e6 2. g3 Nf6 3. Bg2 d5 4. Nf3 Be7 5. O-O O-O 6. b3 b6 7. Bb2 c5 8. cxd5 Nxd5 9. d4 Bb7 10. dxc5 Bxc5 11. Na3 Nd7 12. Nc4 Rc8 13. e4 N5f6 14. e5 Nd5 15. Nd6 Bxd6 16. exd6 Nc5 17. Qd4 f6 18. Nd2 Qxd6 19. Nc4 Qe7 20. Rfe1 Rfd8 21. Ba3 Nb4 22. Qg4 Bxg2 23. Bxb4 Bd5 24. Rad1 Qb7 25. Bxc5 bxc5 26. Ne3 f5 27. Qf4 Bf3 28. Rxd8+ Rxd8 29. Qe5 Qe7 30. Nxf5 Qf6 31. Qxf6 gxf6 32. Ne3 e5 33. Nc4 Kf7 34. h3 Rd4 35. Kh2 Ke6 36. g4 Kd5 37. Kg3 Be4 38. Ne3+ Kc6 39. Nc4 Rd3+ 40. Kh2 Bd5 41. Ne3 Rd2 42. Kg3 Be6 43. Ra1 Rb2 44. Nf1 a5 45. Ne3 Rd2 46. a4 Kb6 47. Rb1 Kc6 48. Nc4 Bxc4 49. bxc4 Rd4 50. Rb5 Rxc4 51. Rxa5 Rb4 52. f3 c4 53. Ra6+ Rb6 54. Ra8 Kc5 55. Rc8+ Rc6 56. Rb8 c3 57. Rb1 c2 58. Rc1 Kd4 59. Kf2 Kd3 60. Ke1 Kc3 61. Ke2 Kb2 62. Rf1 c1=Q 63. Rxc1 Kxc1 64. Ke3 Ra6 65. Ke4 Rxa4+ 66. Kf5 Rf4+ 67. Ke6 Rxf3 0-1


[Site "https://www.chess.com"]

[Event "Late Titled Tuesday Blitz February 8 2022"]
[White "Miszler, Levente"]
[Black "Jaferian, Koosha"]
[WhiteFideId "763276"]
[BlackFideId "12507440"]
[WhiteElo "1966"]
[BlackElo "2027"]
[Result "1-0"]
[Round "01"]
[TimeControl "180+1"]
[Date "2022.02.09"]
[WhiteClock "0:00:34"]
[BlackClock "0:00:20"]

1. c4 c5 2. Nc3 Nc6 3. Nf3 g6 4. b3 Bg7 5. Bb2 e5 6. d3 d6 7. g3 Nge7 8. Bg2 O-O 9. O-O h6 10. e4 f5 11. Nd5 Be6 12. Nd2 f4 13. f3 Qd7 14. a3 a5 15. Rb1 Rae8 16. Bc3 Bh3 17. b4 Bxg2 18. Kxg2 axb4 19. axb4 Nxd5 20. cxd5 Nd4 21. bxc5 dxc5 22. Bxd4 cxd4 23. Rb6 Kh7 24. Nc4 Ra8 25. Qb3 fxg3 26. hxg3 Ra7 27. Rf2 Qc7 28. Nd6 Ra1 29. Qb2 Rfa8 30. Nc4 R8a7 31. d6 Qd7 32. Qb5 Qd8 33. Rxb7 R7a2 34. Qd7 Qf8 35. Nxe5 Rxf2+ 36. Kxf2 Ra2+ 37. Kg1 Qf6 38. Qxg7+ Qxg7 39. Rxg7+ Kxg7 40. d7 Ra8 41. Nc6 Kf6 42. d8=Q+ Rxd8 43. Nxd8 Ke5 44. Nf7+ Kf6 45. Nxh6 Kg5 46. Ng4 Kh5 47. Ne5 Kg5 48. Nc6 Kf6 49. Nxd4 Ke5 50. Ne2 g5 51. Kf2 Ke6 52. Ke3 Kf6 53. f4 gxf4+ 54. gxf4 Ke6 55. e5 Kf7 56. Ke4 Kg8 57. f5 Kh8 58. e6 Kg8 59. Ke5 Kf8 60. f6 Ke8 61. f7+ Kf8 62. d4 Ke7 63. d5 Kf8 64. d6 Kg7 65. d7 Kf8 66. d8=Q+ Kg7 67. Qg8+ Kh6 68. f8=Q+ Kh5 69. Qf5+ 1-0


[Site "https://www.chess.com"]

[Event "Late Titled Tuesday Blitz February 8 2022"]
[White "Mladenovic, Stefan"]
[Black "Oro, Luis"]
[WhiteFideId "942227"]
[BlackFideId "104094"]
[WhiteElo "2355"]
[BlackElo "2294"]
[Result "1-0"]
[Round "01"]
[TimeControl "180+1"]
[Date "2022.02.09"]
[WhiteClock "0:00:02"]
[BlackClock "0:00:05"]

1. d4 Nf6 2. Nf3 g6 3. Bf4 Bg7 4. e3 O-O 5. Be2 d6 6. O-O Nbd7 7. h3 b6 8. c4 Bb7 9. Nc3 h6 10. Bh2 e6 11. b4 Qe7 12. Nb5 Rfc8 13. c5 bxc5 14. bxc5 Ne8 15. Rc1 dxc5 16. dxc5 Nxc5 17. Qc2 Ne4 18. Rfd1 c5 19. Bd3 f5 20. Bc4 N8f6 21. Ne5 g5 22. f3 Nd5 23. fxe4 Nxe3 24. Qb3 Nxc4 25. Qxc4 Bxe4 26. Rd7 Qf6 27. Rf7 Bd5 28. Qe2 Qd8 29. Rd7 Qf6 30. Nd6 Rf8 31. Rxc5 Rad8 32. Rcc7 Rxd7 33. Rxd7 g4 34. Bf4 Qh4 35. Ng6 Qh5 36. Nxf8 Bxf8 37. hxg4 fxg4 38. Qe5 Qg6 39. Rf7 Bxd6 40. Qxd6 Qxf7 41. Qb8+ Kh7 42. Qe5 Kg6 43. Be3 Qf5 44. Qh8 Qb1+ 45. Kh2 Qxa2 46. Qxh6+ Kf5 47. Qf8+ Ke4 48. Qf4+ Kd3 49. Qd4+ Ke2 50. Bf4 Qc4 51. Qe3+ Kf1 52. Bg3 Qe2 53. Qc1+ 1-0


[Site "https://www.chess.com"]

[Event "Late Titled Tuesday Blitz February 8 2022"]
[White "Moreira, Ronaldo Alonso"]
[Black "Gurevich, Dmitry"]
[WhiteFideId "2110547"]
[BlackFideId "2000407"]
[WhiteElo "2037"]
[BlackElo "2506"]
[Result "0-1"]
[Round "01"]
[TimeControl "180+1"]
[Date "2022.02.09"]
[WhiteClock "0:00:01"]
[BlackClock "0:01:13"]

1. d4 Nf6 2. c4 e6 3. Nc3 Bb4 4. e3 c5 5. Ne2 b6 6. a3 Ba5 7. Bd2 Qe7 8. Ng3 Ba6 9. Be2 Nc6 10. O-O O-O 11. Qc2 cxd4 12. exd4 Nxd4 13. Qd3 Nxe2+ 14. Ngxe2 Bxc3 15. Bxc3 d5 16. Bb4 Qd7 17. Bxf8 Bxc4 18. Qf3 Rxf8 19. Rfd1 Qb7 20. Nc3 e5 21. Qf5 Re8 22. Re1 e4 23. f3 h6 24. fxe4 dxe4 25. Re3 Bd3 26. Rae1 Rd8 27. Qe5 Qc6 0-1


[Site "https://www.chess.com"]

[Event "Late Titled Tuesday Blitz February 8 2022"]
[White "Morris-Suzuki, Sophie"]
[Black "Makarian, Rudik"]
[WhiteFideId "30922615"]
[BlackFideId "44105681"]
[WhiteElo "2468"]
[BlackElo "2486"]
[Result "0-1"]
[Round "01"]
[TimeControl "180+1"]
[Date "2022.02.09"]
[WhiteClock "0:00:05"]
[BlackClock "0:01:05"]

1. d4 f5 2. c4 Nf6 3. Nc3 e6 4. g3 Bb4 5. Bg2 O-O 6. Nf3 b6 7. O-O Bb7 8. Qc2 Bxc3 9. Qxc3 d6 10. b3 Nbd7 11. Bb2 Qe7 12. Qc2 a5 13. a3 Ne4 14. Nd2 Nxd2 15. Qxd2 Bxg2 16. Kxg2 a4 17. b4 Nf6 18. Qc2 Qd7 19. Rac1 b5 20. cxb5 Qxb5 21. Qxc7 Qxe2 22. Rc2 Qe4+ 23. f3 Qd5 24. Qc4 Kf7 25. Re1 Rac8 26. Qxc8 Rxc8 27. Rxc8 Qb3 28. Re2 Nd5 29. Rc6 Ne3+ 30. Kh3 Qd3 31. Rf2 f4 32. Rc3 Qf5+ 33. g4 Qg5 34. Rxe3 fxe3 35. Re2 Qb5 36. Rxe3 Qf1+ 37. Kg3 Qg1+ 38. Kf4 g5+ 39. Ke4 Qb1+ 40. Rd3 d5+ 41. Ke5 Qxd3 42. Bc1 Qxf3 43. Bxg5 Qxa3 44. h4 Qxb4 45. h5 Qb8# 0-1


[Site "https://www.chess.com"]

[Event "Late Titled Tuesday Blitz February 8 2022"]
[White "Mustafayev, Farid"]
[Black "Beulen, Marcel"]
[WhiteFideId "13408771"]
[BlackFideId "1001450"]
[WhiteElo "2129"]
[BlackElo "2333"]
[Result "0-1"]
[Round "01"]
[TimeControl "180+1"]
[Date "2022.02.09"]
[WhiteClock "0:00:54"]
[BlackClock "0:00:59"]

1. d4 d5 2. c4 c6 3. Nc3 Nf6 4. g3 Bf5 5. Bg2 e6 6. Nf3 Nbd7 7. O-O Be7 8. Nh4 Bg6 9. Nxg6 hxg6 10. b3 O-O 11. Bb2 a5 12. e4 dxe4 13. Nxe4 Nxe4 14. Bxe4 a4 15. Qd2 axb3 16. axb3 Qb6 17. Qe3 Bf6 18. h4 Rfe8 19. f4 c5 20. dxc5 Qxc5 21. Qxc5 Nxc5 22. Bxf6 Nxe4 23. Be5 Nd2 24. Rxa8 Rxa8 25. Rd1 Nxb3 26. Rd7 Na5 27. c5 Rc8 28. Bd6 Nb3 29. Rxb7 Nxc5 30. Bxc5 Rxc5 31. Kg2 Rc3 32. Ra7 Rb3 33. Rc7 Rb5 34. Ra7 f6 35. Rc7 e5 36. fxe5 Rxe5 37. Kf3 Rb5 38. Ra7 g5 39. hxg5 Rxg5 40. Rc7 Kh7 41. Ra7 Kg6 42. Ra4 Rb5 43. Rg4+ Kf7 44. Ra4 Rc5 45. Kg4 Kg6 46. Ra6 Rc4+ 47. Kh3 Kg5 48. Ra5+ f5 49. Ra3 g6 50. Rb3 Re4 51. Ra3 Re2 52. Ra5 Kh5 53. g4+ Kg5 54. gxf5 gxf5 55. Kg3 Re3+ 56. Kf2 Rb3 57. Ra4 Rc3 58. Rb4 Ra3 59. Kf1 f4 60. Kf2 Kg4 61. Rb8 Ra2+ 62. Kf1 Kg3 63. Rg8+ Kf3 64. Ke1 Ra1+ 65. Kd2 Kf2 66. Rf8 f3 67. Kd3 Rd1+ 68. Kc2 Rd5 69. Kc3 Ke3 70. Kc4 Re5 0-1


[Site "https://www.chess.com"]